 Dungeon Crawl Stone Soup version 0.30.1-11-g7821555f0a (webtiles) character file.

Game seed: 16514059405210796139

2720 KittyFluff the Covered (level 9, 0/82 HPs)
             Began as a Gargoyle Berserker on Nov 4, 2023.
             Was an Elder of Trog.
             Slain by Pikel
             ... wielding a +0 whip of freezing
              (13 damage)
             ... on level 7 of the Dungeon.
             The game lasted 00:22:07 (4986 turns).

KittyFluff the Covered (Gargoyle Berserker)         Turns: 4986, Time: 00:22:08

Health: 0/82       AC: 14    Str: 25    XL:     9   Next: 66%
Magic:  0/9        EV: 12    Int:  8    God:    Trog [****..]
Gold:   225        SH:  0    Dex:  9    Spells: 8/8 levels left

rFire   . . .        k - +0 quarterstaff
rCold   . . .        (shield currently unavailable)
rNeg    + . .        I - +3 leather armour
rPois   ∞            (no helmet)
rElec   +            (no cloak)
rCorr   .            (no gloves)
SInv    .            h - +0 pair of boots
Will    .....        f - amulet of guardian spirit Stlth
                     (no ring)
HPRegen 0.33/turn    (no ring)
MPRegen 0.11/turn

%: guardian spirit
@: berserking (expiring), very quick
A: sickness immunity, AC +6, negative energy resistance 1, electricity
resistance, torment resistance 1, petrification resistance
a: Renounce Religion, Berserk, Trog's Hand, Brothers in Arms


You were on level 7 of the Dungeon.
You worshipped Trog.
Trog was greatly pleased with you.
You visited 1 branch of the dungeon, and saw 7 of its levels.

You collected 225 gold pieces.

Inventory:

Hand Weapons
 e - a +0 sling
 k - a +0 quarterstaff (weapon)
 u - a +3 mace
 v - a +0 arbalest
 y - a +0 shortbow
Missiles
 c - 3 javelins
 g - 16 poisoned darts (quivered)
 x - 11 boomerangs
Armour
 h - a +0 pair of boots (worn)
 I - a +3 leather armour (worn)
Jewellery
 f - an amulet of guardian spirit (around neck)
Wands
 E - a wand of charming (16)
Scrolls
 d - 2 scrolls of blinking {unknown}
 i - 3 scrolls of acquirement {unknown}
 m - a scroll of brand weapon
 p - 3 scrolls of immolation {unknown}
 q - 4 scrolls of butterflies
 B - 2 scrolls of teleportation
 C - a scroll of enchant weapon
 G - a scroll of torment
 H - 2 scrolls of magic mapping
Potions
 a - 2 potions of berserk rage
 b - 3 potions of attraction {unknown}
 j - 2 potions of resistance {unknown}
 l - a potion of mutation {unknown}
 n - a potion of invisibility {unknown}
 o - 2 potions of magic {unknown}
 r - a potion of lignification {unknown}
 s - a potion of flight {unknown}
 t - a potion of heal wounds
 w - 3 potions of degeneration {unknown}
 z - 2 potions of might {unknown}
 A - 4 potions of ambrosia {unknown}
 D - 3 potions of brilliance {unknown}
 F - a potion of curing


   Skills:
 + Level 6.2 Fighting
 + Level 5.8(7.2) Maces & Flails
 * Level 6.5(7.6) Staves
 * Level 7.9 Armour
 + Level 4.4 Dodging


You had 8 spell levels left.
You didn't know any spells.
Your spell library was empty.

Dungeon Overview and Level Annotations

Branches:
Dungeon (7/15)             Temple (0/1) D:5

Altars:
Gozag
Trog
Wu Jian

Annotations:
D:7 Pikel


Innate Abilities, Weirdness & Mutations

You are immune to sickness and miasma.
Your stone body is resilient. (AC +6)
You are immune to poison.
You resist negative energy. (rN+)
You are resistant to electric shocks. (rElec)
You are resistant to unholy torment.
You are immune to petrification.


Message History

You hit Pikel.
Pikel is lightly wounded.
Pikel barely misses you.
You hit Pikel but do no damage.
Pikel is lightly wounded.
Pikel closely misses you.
Pikel hits you with a +0 whip of freezing.
Pikel freezes you.
You hit Pikel.
Pikel is lightly wounded.
Pikel hits you with a +0 whip of freezing!
Pikel freezes you.
A red film seems to cover your vision as you go berserk!
You feel yourself moving faster!
You feel mighty!
Pikel hits you with a +0 whip of freezing.
* * * LOW HITPOINT WARNING * * *
Pikel freezes you.
* * * LOW HITPOINT WARNING * * *
Pikel hits you with a +0 whip of freezing!
* * * LOW HITPOINT WARNING * * *
Pikel freezes you.
* * * LOW HITPOINT WARNING * * *
You hit Pikel.
Pikel is moderately wounded.
You barely miss Pikel.
Pikel is moderately wounded.
Pikel barely misses you.
You thump Pikel!
Pikel is moderately wounded.
Pikel hits you but does no damage.
You sock Pikel!
Pikel is severely wounded.
Pikel closely misses you.
You closely miss Pikel.
Pikel is severely wounded.
Pikel barely misses you.
You hit Pikel.
Pikel is severely wounded.
Pikel hits you with a +0 whip of freezing!
You die...

...##)##...######.#.##
#####.###..#...|..#..#
#.#....#.........#
#.#.#..'.........#
#.#.####.........#
#.#.# #.........#
#.#.# #######'###
#.#.### 5 #.....#
#.#...# #.#@#####
#)###.# #.#K####
#.).#)# #.55...#
###.#.# #......# #...#
#..†...# #####
#......# #......#
#......# #..$...#


You could see Pikel (berserk) and 2 lemures.

Vanquished Creatures
  Grinder (D:6)
  Prince Ribbit (D:5)
  The ghost of lonewolfV2 the Covered, an amateur DsFi (D:4)
  Menkaure (D:5)
  3 water moccasins
  An orc warrior (D:7)
  An ogre (D:6)
  2 centaurs (D:7)
  3 phantoms
  A lemure (D:7)
  2 kobold brigands
  A bullfrog (D:7)
  A scorpion (D:6)
  4 killer bees (D:6)
  A howler monkey (D:5)
  A gnoll bouda (D:4)
  2 orc priests (D:7)
  2 hounds (D:6)
  3 sleepcaps
  Jessica (D:3)
  3 iguanas
  3 orc wizards
  10 adders
  8 gnolls
  2 shadow imps
  3 white imps (D:6)
  5 worms
  4 dart slugs
  9 orcs
  11 endoplasms
  5 giant cockroaches
  7 goblins
  10 hobgoblins
  3 jackals (D:2)
  3 quokkas
  7 ball pythons
  5 bats
  5 frilled lizards
  14 kobolds
  7 rats
157 creatures vanquished.

Notes
Turn   | Place    | Note
-------+----------+-------------------------------------------
     0 | D:1      | KittyFluff the Gargoyle Berserker began the quest for the
                  | Orb.
     0 | D:1      | Reached XP level 1. HP: 14/14 MP: 1/1
   358 | D:1      | Reached XP level 2. HP: 19/19 MP: 2/2
   720 | D:1      | Reached XP level 3. HP: 14/23 MP: 3/3
  1038 | D:2      | Reached skill level 3 in Armour
  1320 | D:2      | Reached XP level 4. HP: 25/28 MP: 4/4
  1332 | D:2      | Reached skill level 1 in Staves
  1487 | D:2      | Reached ** piety under Trog
  1976 | D:3      | Reached XP level 5. HP: 33/33 MP: 5/5
  2283 | D:3      | Noticed Jessica
  2298 | D:3      | Killed Jessica
  2463 | D:4      | Reached *** piety under Trog
  2464 | D:4      | Reached skill level 4 in Armour
  2464 | D:4      | Reached XP level 6. HP: 33/38 MP: 4/6
  2645 | D:4      | Noticed lonewolfV2's ghost (amateur DsFi)
  2648 | D:4      | Found a runed translucent door.
  3076 | D:4      | Found an ornate altar of the Wu Jian Council.
  3080 | D:4      | Found an opulent altar of Gozag.
  3083 | D:4      | Found a bloodstained altar of Trog.
  3123 | D:4      | Killed lonewolfV2's ghost
  3124 | D:4      | Reached XP level 7. HP: 27/44 MP: 3/7
  3191 | D:5      | Entered Level 5 of the Dungeon
  3310 | D:5      | Reached skill level 5 in Armour
  3353 | D:5      | Noticed Prince Ribbit
  3388 | D:5      | Killed Prince Ribbit
  3389 | D:5      | Reached XP level 8. HP: 30/48 MP: 6/8
  3605 | D:5      | Found a staircase to the Ecumenical Temple.
  3642 | D:5      | Noticed Menkaure
  3645 | D:5      | Killed Menkaure
  3816 | D:6      | Reached skill level 5 in Fighting
  3834 | D:6      | Reached skill level 6 in Armour
  3981 | D:6      | Reached skill level 5 in Maces & Flails
  3990 | D:6      | Reached skill level 5 in Staves
  4138 | D:6      | Noticed Grinder
  4152 | D:6      | Killed Grinder
  4153 | D:6      | Reached XP level 9. HP: 44/54 MP: 6/9
  4246 | D:6      | Reached skill level 7 in Armour
  4466 | D:6      | Reached **** piety under Trog
  4970 | D:7      | Noticed Pikel
  4986 | D:7      | Slain by Pikel

Illustrated notes

Levels and vault maps discovered:
D:1:      dpeg_cavernosity, layout_loops_corners
D:2:      kennysheep_six_static_rooms, layout_rooms
D:3:      layout_rooms, chequers_serial_rivers_small_b, kennysheep_jessica_study
D:4:      layout_cave_pools, minmay_overflow_temple_star_quad,
          hellmonk_ghost_happy_afterlife, serial_column_ruins,
          column_ruins_courtyard_long, column_ruins_hut, column_ruins_grid_3,
          column_ruins_open_tiny, column_ruins_open_tiny, column_ruins_grid_2,
          column_ruins_open_tiny, column_ruins_corridor_straight,
          nicolae_elevator_lobby_plus
D:5:      layout_cave_pools, temple_green, uniq_prince_ribbit1, uniq_menkaure
D:6:      layout_basic, uniq_grinder
D:7:      layout_basic, uniq_pikel

Skill      XL: |  1  2  3  4  5  6  7  8  9 |
---------------+----------------------------+-----
Armour         | 3 4 5 6 7 |  7.9
Dodging        | 2 3 4 |  4.4
Staves         | 1 2 3 4 5 6 |  6.5
Fighting       | 4 5 6 |  6.2
Maces & Flails | 4 5 |  5.8

Action                     |  1- 3 |  4- 6 |  7- 9 || total
---------------------------+-------+-------+-------++-------
  Melee: Mace              |    84 |       |       ||    84
         Quarterstaff      |    18 |   242 |   366 ||   626
 Invoke: Berserk           |       |       |     2 ||     2
    Use: Scroll            |       |     4 |     2 ||     6
   Stab: Sleeping          |     1 |       |       ||     1
 Armour: Animal skin       |    34 |    47 |       ||    81
         Leather armour    |       |    48 |   163 ||   211
  Dodge: Dodged            |    76 |   146 |   215 ||   437
